 Dungeon Crawl Stone Soup version 0.31-a0-1388-g4b2ba238e7 (webtiles) character file.

Game seed: 11398447949214463599

137 grandjackal the Trooper (level 5, 0/41 HPs)
             Began as a Demonspawn Gladiator on Dec 24, 2023.
             Slain by Grinder (6 damage)
             ... on level 3 of the Dungeon.
             The game lasted 00:01:36 (1558 turns).

grandjackal the Trooper (Demonspawn Gladiator)      Turns: 1558, Time: 00:01:36

Health: 0/41       AC:  4    Str: 17    XL:     5   Next: 0%
Magic:  5/5        EV: 12    Int:  8    God:
Gold:   106        SH:  0    Dex: 14    Spells: 4/4 levels left

rFire   . . .        a - +0 long sword
rCold   . . .        (no shield)
rNeg    . . .        b - +0 leather armour
rPois   .            c - +0 helmet
rElec   .            (no cloak)
rCorr   .            (no gloves)
SInv    +            (no boots)
Will    .....        (no amulet)
Stlth   +            f - ring of see invisible
HPRegen 0.26/turn    (no ring)
MPRegen 0.09/turn

%: no passive effects
@: no status effects
A: hooves 1, ignite blood 1
a: no special abilities


You were on level 3 of the Dungeon.
You visited 1 branch of the dungeon, and saw 3 of its levels.

You collected 106 gold pieces.

Inventory:

Hand Weapons
 a - a +0 long sword (weapon)
Missiles
 d - 3 throwing nets (quivered)
 e - a javelin
Armour
 b - a +0 leather armour (worn)
 c - a +0 helmet (worn)
Jewellery
 f - a ring of see invisible (left hand)
Wands
 n - a wand of quicksilver (12)
Scrolls
 g - 3 scrolls of identify {unknown}
 i - 2 scrolls of enchant armour {unknown}
 m - a scroll of summoning {unknown}
Potions
 h - a potion of curing {unknown}
 j - a potion of cancellation {unknown}
 k - a potion of degeneration {unknown}
 l - 3 potions of brilliance {unknown}


   Skills:
 + Level 3.3 Fighting
 - Level 2.8 Long Blades
 - Level 2.0 Throwing
 - Level 2.8 Dodging
 * Level 3.0 Unarmed Combat


You had 4 spell levels left.
You didn't know any spells.
Your spell library contained the following spells:

 Spells                   Type           Power      Damage    Failure   Level
 Ensorcelled Hibernation  Hex/Ice        0%         N/A       63%         2
 Fugue of the Fallen      Necr           0%         N/A       85%         3
 Anguish                  Hex/Necr       0%         N/A       99%         4


Dungeon Overview and Level Annotations

Branches:
Dungeon (3/15)

Altars:

Annotations:
D:3 Grinder


Innate Abilities, Weirdness & Mutations

You have large cloven feet.
Your demonic aura sometimes causes spilled blood to erupt in flames.


Message History

You see here 20 gold pieces.
You now have 106 gold pieces (gained 20).
Grinder says, "Tell me all your secrets, or I'll kill you."
You closely miss Grinder. You kick Grinder.
Grinder is lightly wounded.
Grinder hits you!
You writhe in agony.
A goblin comes into view. It is wielding a +0 club.
You hit Grinder but do no damage. You kick Grinder, but do no damage.
Grinder is lightly wounded.
Grinder gestures at you. Pain shoots through your body!
You slash Grinder! You kick Grinder.
Grinder is heavily wounded.
Grinder barely misses you.
A goblin comes into view. It is wielding a +0 dagger.
The goblin shouts!
You hit Grinder.
Grinder is heavily wounded.
Grinder blinks! x2; The goblin hits you with a +0 club.
You slash Grinder! Your kick misses Grinder.
Grinder is severely wounded.
The goblin hits you but does no damage. Grinder hits you!
You hit Grinder.
Grinder is almost dead.
Grinder hits you.
* * * LOW HITPOINT WARNING * * *
You writhe in agony.
* * * LOW HITPOINT WARNING * * *
The goblin hits you with a +0 club.
* * * LOW HITPOINT WARNING * * *
You hit Grinder but do no damage.
Grinder is almost dead.
Grinder hits you but does no damage.
Unknown command.
You barely miss Grinder. Your kick misses Grinder.
Grinder is almost dead.
The goblin hits you but does no damage. Grinder misses you.
The goblin barely misses you. Grinder hits you.
You die...
Grinder says, "Hey, I wasn't done torturing you yet!"

############
#####...........
#g@5......<..# #
#g###....(...#...
... #...........#
...##
#........##. #...
........)...# #.#
######......# #..
........# ..
..#####.## ....
..


You could see Grinder and 2 goblins.

Vanquished Creatures
  An orc priest (D:2)
  Natasha (D:2)
  Terence (D:2)
  An adder (D:2)
  A worm (D:2)
  3 orcs (D:2)
  5 bats
  3 endoplasms
  4 goblins (D:1)
  3 hobgoblins (D:1)
  3 kobolds
  A quokka (D:2)
  7 ball pythons
  6 frilled lizards
  7 rats
47 creatures vanquished.

Notes
Turn   | Place    | Note
-------+----------+-------------------------------------------
     0 | D:1      | grandjackal the Demonspawn Gladiator began the quest for
                  | the Orb.
     0 | D:1      | Reached XP level 1. HP: 16/16 MP: 1/1
   186 | D:1      | Discovered your monstrous ancestry.
   186 | D:1      | Gained mutation: You have large cloven feet. [demonic
                  | ancestry]
   186 | D:1      | Reached XP level 2. HP: 22/22 MP: 2/2
   476 | D:1      | Reached skill level 1 in Unarmed Combat
   630 | D:1      | Gained mutation: Your demonic aura sometimes causes spilled
                  | blood to erupt in flames. [demonic ancestry]
   630 | D:1      | Reached XP level 3. HP: 25/28 MP: 3/3
   751 | D:2      | HP: 1/28 [orc priest/divine providence (12)]
   902 | D:2      | Reached XP level 4. HP: 34/34 MP: 4/4
   961 | D:2      | Noticed Terence
   971 | D:2      | Killed Terence
  1503 | D:2      | Noticed Natasha
  1508 | D:2      | Killed Natasha
  1509 | D:2      | Reached XP level 5. HP: 37/41 MP: 5/5
  1539 | D:2      | You fall into a shaft and drop 1 floor!
  1548 | D:3      | Noticed Grinder
  1558 | D:3      | Slain by Grinder

Illustrated notes

Levels and vault maps discovered:
D:1:      minmay_arrival_diagonal_passages, layout_loops_cross
D:2:      layout_basic, basic_altar, amcnicky_mini_pool_small, uniq_terence,
          uniq_natasha
D:3:      layout_rooms, gup_sewer_entry_pipe, uniq_grinder

Skill      XL: |  1  2  3  4 |
---------------+-------------+-----
Throwing       | 2 |  2.0
Unarmed Combat | 1 2 3 |  3.0
Fighting       | 3 |  3.3
Long Blades    | |  2.8
Dodging        | |  2.8

Action                     |  1- 3 |  4- 6 || total
---------------------------+-------+-------++-------
  Melee: Long sword        |    91 |    50 ||   141
         Kick              |    11 |    14 ||    25
         Punch             |     1 |     1 ||     2
 Armour: Leather armour    |    49 |    38 ||    87
  Dodge: Dodged            |    56 |    28 ||    84

Table legend: (Time is in decaauts)
 A = Elapsed time spent in this place.
 B = Non-inter-level travel time spent in this place.
 C = Inter-level travel time spent in this place.
 D = Time resting spent in this place.
 E = Time spent auto-exploring this place.
 F = Levels seen in this place.
 G = Mean time per level.
                   A        B        C        D        E       F      G
               +--------+--------+--------+--------+--------+-----+--------+
         Total |   1593 |   1574 |     19 |    175 |   1070 |   3 |  531.0 |
       Dungeon |   1593 |   1574 |     19 |    175 |   1070 |   3 |  531.0 |
               +--------+--------+--------+--------+--------+-----+--------+

Top non-repeatable levels by time:
     D:2: 824 daAuts
     D:1: 748 daAuts
     D:3: 20 daAuts
